Cogmind - Beta 14 @@@ ROGUE MODE // 2024.11.10 @ 02:30:51 Player: Fangrelle Result: Destroyed by 29-B8Y(R) with Subdweller Machine Gun Performance ------------- Evolutions (0) 0 Regions Visited (3) 600 Robots Destroyed (30) 150 Value Destroyed (903) 903 Prototype IDs (0) 0 Alien Tech Used (0) 0 Bonus (36) 36 TOTAL SCORE: 1689 Bonus ------- Follower Combat Kills 60 Friendly Fire -24 Cogmind --------- Core Integrity 0/250 Matter 290/300 Energy 100/100 System Corruption 0% Temperature Cool (0) Movement Rolling (200) Ox8 Location -10/Subcaves Parts ------- > --- POWER (1) -------- (None) > --- PROPULSION (2) --- Wheel > --- UTILITY (2) ------ Improved Heat Sink Huge Storage Unit > --- WEAPON (2) ------- Makeshift Hammer Mining Claw > --- INVENTORY (25) --- Light Treads Light Treads Light Treads Light Treads Improved Heat Sink High-capacity Storage Unit Huge Storage Unit Medium Matter Pod (100) Medium Matter Pod (100) Medium Matter Pod (100) Medium Matter Pod (100) Structural Scanner Signal Interpreter Hacking Suite Datajack Mining Laser Peak State ------------ > --- POWER ------------ Light Nuclear Core > --- PROPULSION ------- Light Treads Light Treads > --- UTILITY ---------- Improved Heat Sink Huge Storage Unit > --- WEAPON ----------- Particle Gun Beam Cannon > --- INVENTORY -------- Light Treads Light Treads Wheel Wheel Improved Heat Sink High-capacity Storage Unit Huge Storage Unit Medium Matter Pod Medium Matter Pod Medium Matter Pod Medium Matter Pod Structural Scanner Signal Interpreter Hacking Suite Datajack Mining Claw [Rating: 14] Favorites ----------- Power Light Nuclear Core Engine Light Ion Engine Power Core Light Nuclear Core Propulsion Light Treads Treads Light Treads Wheel Wheel Utility Huge Storage Unit Device Improved Heat Sink Storage Huge Storage Unit Processor Visual Processing Unit Weapon Particle Gun Energy Gun Particle Gun Energy Cannon Beam Cannon Special Weapon Mining Laser Impact Weapon Makeshift Hammer Slashing Weapon Mining Claw Special Melee Weapon Datajack Build | -11 -10 -10 -10 ------- Run | Yrd Mat Min Sub Slots Evolved . | . . . . Power . | . . . . Propulsion . | . . . . Utility . | . . . . Weapon . | . . . . Parts Attached 30 | 6 15 2 7 Power 2 | 1 1 . . Engine 1 | 1 . . . Core 1 | . 1 . . Reactor . | . . . . Propulsion 8 | 2 3 1 2 Treads 6 | 2 3 1 . Leg . | . . . . Wheel 2 | . . . 2 Hover . | . . . . Flight . | . . . . Utility 5 | 1 4 . . Device 2 | . 2 . . Storage 2 | 1 1 . . Processor 1 | . 1 . . Hackware . | . . . . Protection . | . . . . Artifact . | . . . . Weapon 15 | 2 7 1 5 Energy Gun 3 | 2 1 . . Energy Cannon 6 | . 4 . 2 Ballistic Gun . | . . . . Ballistic Cannon . | . . . . Launcher . | . . . . Special Weapon 1 | . . 1 . Impact Weapon 1 | . . . 1 Slashing Weapon 2 | . 1 . 1 Piercing Weapon . | . . . . Special Melee Weapon 2 | . 1 . 1 Unidentified Prototypes . | . . . . Parts Lost 6 | . 1 . 5 Power 1 | . . . 1 Propulsion 2 | . . . 2 Utility . | . . . . Weapon 3 | . 1 . 2 Highest Loss Streak 3 | . 1 . 3 To Critical Strikes . | . . . . Average Slot Usage (%) 98 | . 99 99 97 Core 12 | . 13 14 11 Treads 27 | . 28 28 25 Device 11 | . 7 14 14 Storage 14 | . 14 14 14 Processor 2 | . 5 . . Energy Gun 13 | . 13 14 11 Energy Cannon 9 | . 12 11 6 Slashing Weapon 1 | . 1 . 2 Special Melee Weapon 2 | . . . 5 Peak Build Rating 14 | 6 14 14 14 Average Rating 13 | 5 12 13 13 On Entrance 8 | . 6 14 14 Naked Turns . | . . . . Heaviest Build 92 | 12 92 92 92 Greatest Support 40 | 40 40 40 40 Greatest Overweight (x) 8 | . 2 2 8 Average Overweight (x) 2 | . 1 2 4 Largest Inventory Capacity 25 | 8 25 25 25 Average Capacity 23 | 7 22 25 25 Most Carried 19 | 5 17 18 19 Average Carried 15 | 3 13 16 17 Final Capacity 25 | 8 25 25 25 Final Carried 18 | 5 16 18 16 Class Distribution -------------------- 58% | Scavenger-Mutant 26% | Commander-Mutant 15% | Mutant Dominant Class ---------------- Scavenger-Mutant | -10/Materials Commander-Mutant | -10/Mines Commander-Mutant | -10/Subcaves Resources | -11 -10 -10 -10 ----------- Run | Yrd Mat Min Sub Matter Collected 799 | 254 480 10 55 Remotely . | . . . . Salvage Created 1293 | . 1163 . 130 Parts 67 | . 62 . 5 Haulers Intercepted 1 | . 1 . . Recyclers Shooed . | . . . . Parts Field Recycled . | . . . . Retrieved Matter . | . . . . Parts Self-Destructed . | . . . . Prevented . | . . . . Kills | -11 -10 -10 -10 ------- Run | Yrd Mat Min Sub Combat Hostiles Destroyed 22 | . 19 . 3 Melee 2 | . . . 2 Guns 6 | . 6 . . Cannons 13 | . 12 . 1 AOE 1 | . 1 . . Classes Destroyed 7 | . 6 . 1 Worker 2 | . 2 . . Builder 2 | . 2 . . Hauler 1 | . 1 . . Operator 1 | . 1 . . Watcher 2 | . 2 . . Grunt 19 | . 19 . . Subdweller 3 | . . . 3 Best Kill Streak 9 | . 9 . 1 Combat Bots Only 6 | . 6 . 1 Max Kills in Single Turn 2 | . 2 . 1 Gunslinging . | . . . . Exploded 1 | . 1 . . Melee 1 | . . . 1 Uniques/NPCs Destroyed . | . . . . Combat | -11 -10 -10 -10 -------- Run | Yrd Mat Min Sub Hostile Shots Fired 97 | . 59 . 38 Missed 31 | . 23 . 8 Damage Taken 1150 | . 500 . 650 Core 254 | . 79 . 175 Absorbed by Shields . | . . . . Core Remaining (%) 100 | 100 . . . Volleys Fired 76 | . 54 17 5 Largest 2 | . 2 2 2 Hottest 165 | . 125 165 125 Shots Fired 141 | . 101 33 7 Gun 69 | . 47 17 5 Cannon 56 | . 54 . 2 Launcher . | . . . . Special 16 | . . 16 . Kinetic . | . . . . Thermal 134 | . 94 33 7 Explosive . | . . . . Electromagnetic 7 | . 7 . . Robot Hit Streak 8 | . 8 . 3 Robot Miss Streak 3 | . 3 . 1 Penetration Max . | . . . . Secondary Targets . | . . . . Shots Hit Robots 73 | . 61 . 12 Core Hits 39 | . 35 . 4 Critical Kills . | . . . . Critical Parts Destroyed . | . . . . Critical Strikes 1 | . . . 1 Burn 1 | . . . 1 Melee Attacks 19 | . 3 . 16 Impact 16 | . . . 16 Slashing 2 | . 2 . . Piercing . | . . . . Sneak Attacks . | . . . . Combat Hostiles . | . . . . Follow-up Attacks . | . . . . Damage Inflicted 1458 | . 1103 24 331 Guns 465 | . 447 . 18 Cannons 582 | . 564 . 18 Explosions 92 | . 92 . . Melee 295 | . . . 295 Ramming . | . . . . Kinetic . | . . . . Thermal 1080 | . 1020 24 36 Explosive . | . . . . Electromagnetic 83 | . 83 . . Impact 295 | . . . 295 Slashing . | . . . . Piercing . | . . . . Highest Corruption . | . . . . Average Corruption . | . . . . Corruption Purged . | . . . . Corruption Blocked . | . . . . Overload Shots . | . . . . Overflow Damage 68 | . 43 . 25 Projectiles 24 | . 24 . . Explosions 19 | . 19 . . Melee 25 | . . . 25 Knockbacks 1 | . . . 1 Impact 1 | . . . 1 Kinetic . | . . . . Secondary . | . . . . Self-Inflicted Damage 52 | . 52 . . Shots 1 | . 1 . . Rammed . | . . . . Targets Rammed . | . . . . Kicked . | . . . . Crushed . | . . . . Highest Temperature 377 | . 377 25 . Average Temperature 73 | . 94 9 . Received Heat Transfer 345 | . 267 . 78 Siege Activations . | . . . . Robots Corrupted . | . . . . Combat Hostiles . | . . . . Parts Fried 1 | . 1 . . Impact Corruptions 1 | . . . 1 Robots Melted . | . . . . Combat Hostiles . | . . . . Parts Melted 1 | . . . 1 Heat Transferred 2283 | . 2085 50 148 Parts Sabotaged . | . . . . Parts Stolen . | . . . . Parts Stripped . | . . . . Power Chain Reactions 1 | . 1 . . Alert | -11 -10 -10 -10 ------- Run | Yrd Mat Min Sub Peak Influence 315 | . 315 69 . Initial 69 | . . 69 . Average 98 | . 116 34 . Maximum Alert Level 1 | . 1 . . Low Security (%) 92 | 100 90 100 . Level 1 7 | . 9 . . Level 2 . | . . . . Level 3 . | . . . . Level 4 . | . . . . Level 5 . | . . . . High Security . | . . . . Max Security . | . . . . Squads Dispatched 4 | . 4 . . Investigation 3 | . 3 . . Extermination . | . . . . Reinforcement 1 | . 1 . . Assault . | . . . . Garrison . | . . . . Intercept . | . . . . Searches Triggered . | . . . . Construction Impeded . | . . . . Haulers Reinforced . | . . . . Active Scanning Responses . | . . . . Cargo Convoy Interrupts . | . . . . Stealth | -11 -10 -10 -10 --------- Run | Yrd Mat Min Sub Distress Signals 1 | . 1 . . Communications Jammed . | . . . . Distress Signals . | . . . . Times Spotted 34 | . 28 . 6 Peak Tracking Total 4 | . 4 . 2 Tactical Retreats 1 | . 1 . . Traps | -11 -10 -10 -10 ------- Run | Yrd Mat Min Sub Traps Triggered 2 | . 2 . . Indirectly . | . . . . Trap Hack Attempts 107 | . 19 . 88 Triggered . | . . . . Disarmed 1 | . . . 1 Reprogrammed 12 | . 2 . 10 Reused . | . . . . Traps Extracted . | . . . . Installed . | . . . . Triggered . | . . . . Machines | -11 -10 -10 -10 ---------- Run | Yrd Mat Min Sub Machines Disabled 1 | . 1 . . Max in Single Turn 1 | . 1 . . Machines Repaired . | . . . . Machines Dismantled . | . . . . Machines Sabotaged . | . . . . Overloaded Fab Kills . | . . . . Hacking | -11 -10 -10 -10 --------- Run | Yrd Mat Min Sub Machines Accessed 9 | . 9 . . Terminals 7 | . 7 . . Fabricators . | . . . . Repair Stations . | . . . . Recycling Units 2 | . 2 . . Scanalyzers . | . . . . Garrison Access . | . . . . Total Hacks 23 | . 23 . . Successful 15 | . 15 . . Failed 8 | . 8 . . Catastrophic . | . . . . Database Lockouts . | . . . . Manual 22 | . 22 . . Terminals 20 | . 20 . . Fabricators . | . . . . Repair Stations . | . . . . Recycling Units 3 | . 3 . . Scanalyzers . | . . . . Garrison Access . | . . . . Terminal Hacks 1 | . 1 . . Terminal Index 1 | . 1 . . Fabricator Hacks . | . . . . Repair Station Hacks . | . . . . Recycling Unit Hacks 1 | . 1 . . Report Inventory 1 | . 1 . . Scanalyzer . | . . . . Garrison Access Hacks . | . . . . Unauthorized Hacks 13 | . 13 . . Terminals 11 | . 11 . . Assimilate 3 | . 3 . . Botnet 6 | . 6 . . Disrupt 1 | . 1 . . Operators 1 | . 1 . . Fabricators . | . . . . Repair Stations . | . . . . Recycling Units 2 | . 2 . . Tunnel 2 | . 2 . . Scanalyzers . | . . . . Garrison Access . | . . . . Data Cores Recovered . | . . . . Used . | . . . . Hacking Detections 7 | . 7 . . Full Trace Events . | . . . . Feedback Events . | . . . . Feedback Blocked . | . . . . Robot Schematics Acquired . | . . . . Robots Built . | . . . . Authchips . | . . . . Time . | . . . . Total Robot Build Rating . | . . . . Part Schematics Acquired . | . . . . Parts Built . | . . . . Authchips . | . . . . Time . | . . . . Total Part Build Rating . | . . . . Parts Repaired . | . . . . Time . | . . . . Parts Recycled . | . . . . Recycled Matter . | . . . . Retrieved Matter . | . . . . Retrieved Components . | . . . . Parts Scanalyzed . | . . . . Part Schematics Acquired . | . . . . Parts Damaged . | . . . . Bothacking | -11 -10 -10 -10 ------------ Run | Yrd Mat Min Sub Used RIF Installer . | . . . . Robots Hacked 1 | . 1 . . Non-combat 1 | . 1 . . Combat . | . . . . Robot Hacks Applied 1 | . 1 . . parse_system 1 | . 1 . . Relay Couplers Released . | . . . . Fabnet Peak Effective % . | . . . . Robots Rewired . | . . . . Allies Hacked . | . . . . Hacks Repelled . | . . . . Allies | -11 -10 -10 -10 -------- Run | Yrd Mat Min Sub Total Allies 5 | . 1 4 . Largest Group 5 | . 1 5 5 Highest-Rated Group 81 | . 10 81 81 Highest-Rated Ally 31 | . 10 31 31 Total Orders 19 | . 4 2 13 STAY 10 | . 2 1 7 FOLLOW 9 | . 2 1 6 Ally Attacks 47 | . . . 47 Total Damage 543 | . . . 543 Kills 2 | . . . 2 Allies Corrupted . | . . . . Allies Melted . | . . . . Intel | -11 -10 -10 -10 ------- Run | Yrd Mat Min Sub Robot Analysis Total . | . . . . Derelict Logs Recovered 1 | . . . 1 Drone Launches . | . . . . Drone Recoveries . | . . . . Exploration | -11 -10 -10 -10 ------------- Run | Yrd Mat Min Sub Turns Passed 7425 | 123 3380 806 3116 Spaces Moved 1884 | 73 1000 225 586 Core 6 | 6 . . . Treads 1672 | 67 1000 225 380 Legs . | . . . . Wheels 206 | . . . 206 Hover . | . . . . Flight . | . . . . Fastest Speed 50 | 50 160 320 200 Average Speed 283 | 150 288 320 277 Slowest Speed 320 | 160 320 320 320 Overloaded Moves . | . . . . Propulsion Burnouts . | . . . . Robots Hopped . | . . . . Cave-ins Triggered . | . . . . Exploration Rate (%) 37 | 4 87 35 25 Regions Visited 3 Branch Regions 2 Pre-discovered Areas 2 | . 2 . . Known Exits Taken . | . . . . Unknown Exits Taken 3 | 1 1 1 . Scrap Searched 1 | . . 1 . Spaces Dug 5 | . 1 4 . Terrain Destroyed 7 | . 3 4 . Melee 1 | . 1 . . Projectile 4 | . . 4 . AOE 2 | . 2 . . Terrain Rammed . | . . . . Walls Destroyed . | . . . . Machines Disabled . | . . . . Actions | -11 -10 -10 -10 --------- Run | Yrd Mat Min Sub Total 3765 | 83 1386 247 2049 Wait 1621 | . 272 3 1346 Move 1881 | 72 999 224 586 Hop . | . . . . Pick Up 21 | 5 15 . 1 Fast Attach 13 | 6 6 1 . Attach 3 | . . . 3 Detach 1 | . . 1 . Swap 14 | . 9 1 4 Drop 9 | . 9 . . Fire 76 | . 54 17 5 Melee 19 | . 3 . 16 Ram . | . . . . Kick . | . . . . Crush . | . . . . Escape Stasis . | . . . . Rewire . | . . . . Trap 107 | . 19 . 88 Miscellaneous . | . . . . Route ------- -11/Scrapyard -10/Materials (discovered 6 exits: [*Mat x3] / [*Min x2] / [*Sub]) -10/Mines (discovered 3 exits: [*Mat] / [*Exi] / [*Sub]) -10/Subcaves (discovered 1 exit: Mat) History --------- Turn | Location | Event 2 | -11/Scrapyard | Met Revision 17 3 | -11/Scrapyard | Discovered new exit (range 14) 124 | -11/Scrapyard | Entered Materials 311 | -10/Materials | Build established: Mutant 615 | -10/Materials | Discovered new exit (range 14) 670 | -10/Materials | Discovered new exit (range 16) 1012 | -10/Materials | Build established: Scavenger-Mutant 1131 | -10/Materials | Discovered new exit (range 10) 1883 | -10/Materials | Discovered new exit (range 16) 2279 | -10/Materials | Discovered new exit (range 14) 2972 | -10/Materials | Discovered new exit (range 2) 3504 | -10/Materials | Entered Mines 3504 | -10/Mines | Accompanied by 1 ally 3575 | -10/Mines | Assisted by bots powering up and referring to "LRC-V3" 3658 | -10/Mines | Deemed a non-threat by the Exiles lab entrance 3658 | -10/Mines | Discovered new exit (range 5) 4093 | -10/Mines | Discovered new exit (range 15) 4108 | -10/Mines | Received a Mining Laser from a helpful Derelict 4109 | -10/Mines | Build established: Commander-Mutant 4253 | -10/Mines | Discovered new exit (range 3) 4310 | -10/Mines | Entered Subcaves 4310 | -10/Subcaves | Accompanied by 5 allies 4391 | -10/Subcaves | A swath of the cavern ceiling suddenly collapsed 5580 | -10/Subcaves | Build established: Scavenger-Mutant 6733 | -10/Subcaves | Build established: Commander-Mutant 6801 | -10/Subcaves | Shifting Twisted Machinery released Mak. Hammer 6872 | -10/Subcaves | Shifting Twisted Machinery released Sub. Machine Gun 6924 | -10/Subcaves | Ambushed by Subdwellers from Twisted Machinery 6977 | -10/Subcaves | Lost 3 parts (1p2w) 6998 | -10/Subcaves | Lost 3 allies 7224 | -10/Subcaves | Build established: Mutant 7317 | -10/Subcaves | Identified exit to Materials 7401 | -10/Subcaves | Core integrity fell below 50% 7421 | -10/Subcaves | Core integrity fell below 20% 7426 | -10/Subcaves | Destroyed by 29-B8Y(R) with Subdweller Machine Gun Last Messages --------------- 06931_ Lgt. Nuclear Core destroyed. 06931_ Beam Cannon destroyed. 06937_ Trooper 1b destroyed. 06941_ Subatomizers dissect the Aluminum Leg. 06942_ 56-OV3(R) suffers critical hit (Burn). 06943_ 56-OV3(R) heat spikes uncontrollably. 06943_ 56-OV3(R) overheating. 06946_ Particle Gun destroyed. 06997_ FQ-CXL(R) destroyed. 06999_ Acquired 35 matter. 07012_ Subatomizers dissect the Aluminum Leg. 07215_ Subatomizers dissect the Heat Sink. 07317_ Acquired derelict log, extracted data. Loading 1 Subcaves exit... 07397_ Lgt. Treads destroyed. 07399_ Wheel destroyed. 07408_ Destroyed Sub. Power Source. 07408_ G4-JY6(R) system corrupted by crushing effect. 07408_ G4-JY6(R) knocked back. 07414_ G4-JY6(R) destroyed. Map ----- +----------------------------------------------------+ | ?????????????????????????????????????????????????? | | ?????????????????????????????????????????????????? | | ?????????????????????????????????????????????????? | | ?????????????????????????????????????????????????? | | ?????????????????????????????????????????????????? | | ?????????????????????????????????????????????????? | | ?????????????????????????????????????????????????? | | ?????????????????????????????????????????????????? | | ?????????????????????????????????????????????????? | | ?????????????????????????????????????????????????? | | ?????????????????????????????????????????????????? | | ???????????????????# ???????????????????????????? | | ???????????????????# ???????????????????????????? | | ?????????????????### ???????????????????????????? | | ????????????????## ??????????????????????????? | | ???????????????? ??????????????????????????? | | ????????????????? ??????????????????????????? | | ?????????????????? ####??????????????????????? | | ??????????????????? ##??????????????###????? | | ????????????????????? ##?????????????# #????? | | ?????????????????????? #????????????## ##???? | | ???????????????????????# #????????????# ##### | | ???????????????????????# ##??????????## | | ??????????????????????## #??????????# | | ?????????????????###### R #??????????## | | ?????????????????# # @ ##????????### | | ?????????????????# #####??### ## | | ?????????????????# ## #### ## ## | | ????????????????## #### !%### ## | | ???????????????## ##?# &#?## # | | ???????????????# ##??# #??# ###### # | | ???????????????# #???## #??# #???## | | ???????????????# ????## #??# #????## | | ???????????????# ?????####?? ##?????# | | ???????????????# ?????????## ?????# | | ???????????????# ??????????# #????# | | ??????????????? ?????????# #????# # | | ??????????????? ????????? #????######## ### | | ??????????????? #????????# ???????????## #?? | | ???????????????# #???????? ????????????###?? | | ???????????????? #???????? ????????????????? | | ???????????????? ???????? ????????????????? | | ???????????????? ???????? ????????????????? | | ???????????????? ???????? ?????????????????? | | ???????????????? ????????????????????????????? | | ???????????????? ??????????????????????????????? | | ?????????????????????????????????????????????????? | | ?????????????????????????????????????????????????? | | ?????????????????????????????????????????????????? | | ?????????????????????????????????????????????????? | +----------------------------------------------------+ Best States ------------- Heat Dissipation 39 Energy Generation 14 Energy Capacity 160 Matter Stores 300 Matter Capacity 300 Sight Range 18 Terrain Scan Density 10 Evasion (%) 40 Recoil Reduction 2 Item Schematics ----------------- None Robot Schematics ------------------ None Fabricated ------------ Nothing Alien Tech Used ----------------- None Achievements -------------- None Challenges ------------ None Game ------ Seed ZioniteBarrageSheargun Manual? 0 Play Time 00:21:46 Cumulative 34.4 hours Start 2024.11.10 @ 02:11:20 End 2024.11.10 @ 02:30:51 Sessions 1 Manual Loads 0 Difficulty Rogue Special Mode None Game No. 72 Rogue 72 Adventurer 0 Explorer 0 Win Type - Total 0 Types 0/0/0/0/0/0/0/0/0 Lore% 31 Gallery% 27 Achievement% 28 Wizard Run 0 Options --------- Layout 0 ASCII 0 Keyboard 0 Movement Mouse Keybinds 0 Fullscreen 1 Font 24/Smallcaps Map View 183x50 Zoom Use 71% Tactical HUD 1 Map Filters NONE Filters NONE Steam 1 RUN: 671bee1c-248f-4fe7-8ea7-f6d8580cd935